 Dungeon Crawl Stone Soup version 0.29-a0-830-gcb1280458a (webtiles) character file.

Game seed: 15914984970422234487

8 Bnni the Shooter (level 2, 22/22 HPs)
             Began as a Demonspawn Hunter on July 12, 2022.
             Quit the game on level 1 of the Dungeon.
             The game lasted 00:00:17 (202 turns).

Bnni the Shooter (Demonspawn Hunter)                 Turns: 202, Time: 00:00:18

Health: 22/22      AC:  3    Str: 11    XL:     2   Next: 0%
Magic:  2/2        EV: 11    Int: 10    God:
Gold:   39         SH:  0    Dex: 16    Spells: 1/1 levels left

rFire   . . .      SeeInvis .   a - +0 shortbow
rCold   . . .      Faith    .   (shield currently unavailable)
rNeg    . . .      Spirit   .   c - +0 leather armour
rPois   .          Reflect  .   (no helmet)
rElec   .          Harm     .   (no cloak)
rCorr   .          Rampage  .   (no gloves)
Will    .....                   (no boots)
Stlth   +.........              (no amulet)
HPRegen 0.07/turn               (no ring)
MPRegen 0.08/turn               (no ring)

@: no status effects
A: claws 1
a: no special abilities


You were on level 1 of the Dungeon.
You visited 1 branch of the dungeon, and saw 1 of its levels.

You collected 39 gold pieces.

Inventory:

Hand Weapons
 a - a +0 shortbow (weapon)
Missiles
 e - 5 poisoned darts
Armour
 c - a +0 leather armour (worn)
Scrolls
 b - 2 scrolls of immolation
 d - a scroll of teleportation {unknown}
 f - a scroll of fog {unknown}
Potions
 g - a potion of flight {unknown}


   Skills:
 + Level 2.2 Fighting
 * Level 3.9 Ranged Weapons
 - Level 1.7 Dodging
 - Level 0.8 Stealth


You had one spell level left.
You didn't know any spells.
Your spell library was empty.

Dungeon Overview and Level Annotations

Branches:
Dungeon (1/15)

Altars:


Innate Abilities, Weirdness & Mutations

You have sharp fingernails.


Message History

You see here 5 poisoned darts.
e - 5 poisoned darts
Found a hand axe.
A jackal comes into view.
You see here a ball python corpse.
You shoot an arrow. The jackal barks!
The arrow hits the jackal but does no damage.
A jackal comes into view.
You shoot an arrow. The arrow closely misses the jackal.
The jackal barks!
A rat comes into view.
You shoot an arrow. The arrow hits the jackal!
You kill the jackal!
You shoot an arrow. The arrow hits the jackal.
You kill the jackal!
You shoot an arrow. The arrow hits the rat.
You kill the rat!
No target in view!
No target in view!
f - a scroll labelled TERGHI INOSY No target in view!
You see here a +0 hand axe.
You now have 24 gold pieces (gained 17).
A rat comes into view.
Found 15 gold pieces and a leather armour.
You shoot an arrow. The arrow hits the rat!
You kill the rat!
No target in view!
No target in view!
You now have 39 gold pieces (gained 15).
An endoplasm comes into view.
You shoot an arrow. The arrow hits the endoplasm.
You kill the endoplasm!
You have reached level 2!
You feel monstrous as your demonic heritage exerts itself.
Your demonic ancestry asserts itself...
Your fingernails lengthen.
g - a yellow potion Are you sure you want to abandon this character and quit the game? (Confirm with "yes".)

#...## ......###
........#
......#.#####
...........
......[.####
#....†..####
#..........#
#@##.##.##.#
#.##.##.##.#
#.##.##.##.######
#.##....##......#
#.##..#########.#
#.##..# #.##
#.##..# #... ###
#.## ######
###### #.#


There were no monsters in sight!

Vanquished Creatures
  An endoplasm (D:1)
  A goblin (D:1)
  2 jackals (D:1)
  A ball python (D:1)
  3 rats (D:1)
8 creatures vanquished.

Notes
Turn   | Place    | Note
-------+----------+-------------------------------------------
     0 | D:1      | Bnni the Demonspawn Hunter began the quest for the Orb.
     0 | D:1      | Reached XP level 1. HP: 16/16 MP: 1/1
   199 | D:1      | Discovered your monstrous ancestry.
   199 | D:1      | Gained mutation: You have sharp fingernails. [demonic
                  | ancestry]
   199 | D:1      | Reached XP level 2. HP: 22/22 MP: 2/2
   202 | D:1      | Quit the game

Illustrated notes

Levels and vault maps discovered:
D:1:      minmay_arrival_wavy_path, layout_loops_ring, minmay_fountain_box,
          serial_bayou_lagoon_b

Action                   || total
-------------------------++-------
 Fire: Shortbow          ||    10

Table legend: (Time is in decaauts)
 A = Elapsed time spent in this place.
 B = Non-inter-level travel time spent in this place.
 C = Inter-level travel time spent in this place.
 D = Time resting spent in this place.
 E = Time spent auto-exploring this place.
 F = Levels seen in this place.
 G = Mean time per level.
                   A        B        C        D        E       F      G
               +--------+--------+--------+--------+--------+-----+--------+
         Total |    206 |    206 |      0 |      0 |    178 |   1 |  206.0 |
       Dungeon |    206 |    206 |      0 |      0 |    178 |   1 |  206.0 |
               +--------+--------+--------+--------+--------+-----+--------+

Top non-repeatable levels by time:
     D:1: 206 daAuts
